TOP OF THE 1ST |
Manhatten Meatheads batting - Pitching for Columbia 08s : RHP Curt Howard
|
Pitching: RHP Curt Howard
|
|
Batting: SHB Vitaliano Capuana
|
0-0: Ball 1-0: Foul Ball, location: 2F 1-1: Called Strike 1-2: Foul Ball, location: 2F 1-2: Ball 2-2: Foul Ball, location: 2F 2-2: Ball 3-2: Foul Ball, location: 2F 3-2: Base on Balls
|
Batting: LHB António Cedeño
|
0-0: Swinging Strike 0-1: Called Strike Vitaliano Capuana steals 2nd base 0-2: Strikes out swinging
|
Batting: RHB Lynn Ford
|
0-0: Ball Wild Pitch! Vitaliano Capuana to third 1-0: Ball 2-0: Called Strike 2-1: Swinging Strike 2-2: Ball 3-2: Strikes out swinging
|
Batting: LHB Dave Watt
|
0-0: Ball 1-0: Called Strike 1-1: Swinging Strike 1-2: Ball 2-2: Foul Ball, location: 2F 2-2: Strikes out swinging
|
Top of the 1st over - 0 run(s), 0 hit(s), 0 error(s), 1 left on base; Manhatten 0 - Columbia 0 |
BOTTOM OF THE 1ST |
Columbia 08s batting - Pitching for Manhatten Meatheads : LHP Kelly Henry
|
Pitching: LHP Kelly Henry
|
|
Batting: RHB Ryosei Yamamoto
|
0-0: Foul Ball, location: 2F 0-1: Ball 1-1: SINGLE (Groundball, 4M)
|
Batting: RHB Vic Langlois
|
0-0: Called Strike 0-1: Called Strike 0-2: Strikes out swinging
|
Batting: RHB Luis Maldonado
|
0-0: Ball 1-0: Ball 2-0: Swinging Strike 2-1: Ball 3-1: Fielders Choice at 2nd, 6-4 (Groundball, 6M)
|
Batting: RHB Ichizo Akiyama
|
0-0: SINGLE (Groundball, 56D) Luis Maldonado to second
|
Batting: RHB Alfredo Hernández
|
0-0: Called Strike 0-1: Ball 1-1: SINGLE (Flyball, 4MD) Luis Maldonado to third Ichizo Akiyama to second Runner from 3rd tries for Home, SAFE, no throw or cutoff
|
Batting: RHB Barton Frazier
|
0-0: Ball 1-0: Called Strike 1-1: Swinging Strike 1-2: Strikes out swinging
|
Bottom of the 1st over - 1 run(s), 3 hit(s), 0 error(s), 2 left on base; Manhatten 0 - Columbia 1 |
TOP OF THE 2ND |
Manhatten Meatheads batting - Pitching for Columbia 08s : RHP Curt Howard
|
Batting: RHB Jason Erickson
|
0-0: Ball 1-0: Called Strike 1-1: Ball 2-1: Ground out 4-3 (Groundball, 34)
|
Batting: RHB Kyle O'Day
|
0-0: Ball 1-0: Called Strike 1-1: Called Strike 1-2: Strikes out looking
|
Batting: RHB Mitch Thomas
|
0-0: Ball 1-0: Foul Ball, location: 2F 1-1: Ball 2-1: Foul Ball, location: 2F 2-2: Ball 3-2: Foul Ball, location: 2F 3-2: Fly out, F7 (Flyball, 7LMF)
|
Top of the 2nd over - 0 run(s), 0 hit(s), 0 error(s), 0 left on base; Manhatten 0 - Columbia 1 |
BOTTOM OF THE 2ND |
Columbia 08s batting - Pitching for Manhatten Meatheads : LHP Kelly Henry
|
Batting: SHB Roberto Rivera
|
0-0: Ball 1-0: Ball 2-0: Ball 3-0: Base on Balls
|
Batting: RHB Felipe Rodríguez
|
0-0: SINGLE (Groundball, 56D) Roberto Rivera to second
|
Batting: LHB Brock Larsen
|
0-0: Fielders Choice at 2nd, 1-6 (Groundball, 13S) Roberto Rivera to third
|
Batting: RHB Ryosei Yamamoto
|
0-0: Fly out, F9 (Popup, 34D)
|
Batting: RHB Vic Langlois
|
0-0: Fly out, F8 (Flyball, 8LD)
|
Bottom of the 2nd over - 0 run(s), 1 hit(s), 0 error(s), 2 left on base; Manhatten 0 - Columbia 1 |
TOP OF THE 3RD |
Manhatten Meatheads batting - Pitching for Columbia 08s : RHP Curt Howard
|
Batting: LHB Ed Murray
|
0-0: Called Strike 0-1: Foul Ball, location: 2F 0-2: Ball 1-2: Strikes out swinging
|
Batting: RHB Juan Reyes
|
0-0: Fly out, F9 (Flyball, 89S)
|
Batting: SHB Vitaliano Capuana
|
0-0: Ball 1-0: Ball 2-0: Bunt for hit - play at first, batter OUT! 1-3
|
Top of the 3rd over - 0 run(s), 0 hit(s), 0 error(s), 0 left on base; Manhatten 0 - Columbia 1 |
BOTTOM OF THE 3RD |
Columbia 08s batting - Pitching for Manhatten Meatheads : LHP Kelly Henry
|
Batting: RHB Luis Maldonado
|
0-0: Ball 1-0: Foul Ball, location: 2F 1-1: Ball 2-1: Ball 3-1: SINGLE (Groundball, 4D)
|
Batting: RHB Ichizo Akiyama
|
0-0: Called Strike 0-1: Ball 1-1: Foul Ball, location: 2F 1-2: Fly out, F7 (Flyball, 78M)
|
Batting: RHB Alfredo Hernández
|
0-0: Ball 1-0: Ball 2-0: Ball 3-0: Called Strike 3-1: Fly out, F7 (Flyball, 7LS)
|
Batting: RHB Barton Frazier
|
0-0: Called Strike 0-1: Ball 1-1: Foul Ball, location: 2F 1-2: Ball 2-2: Fly out, F8 (Flyball, 8LM)
|
Bottom of the 3rd over - 0 run(s), 1 hit(s), 0 error(s), 1 left on base; Manhatten 0 - Columbia 1 |
TOP OF THE 4TH |
Manhatten Meatheads batting - Pitching for Columbia 08s : RHP Curt Howard
|
Batting: LHB António Cedeño
|
0-0: Called Strike 0-1: Swinging Strike 0-2: Strikes out looking
|
Batting: RHB Lynn Ford
|
0-0: SINGLE (Line Drive, 6D)
|
Batting: LHB Dave Watt
|
0-0: Ball 1-0: Called Strike 1-1: Foul Ball, location: 2F 1-2: Foul Ball, location: 2F 1-2: Ball 2-2: Foul Ball, location: 2F 2-2: Strikes out swinging
|
Batting: RHB Jason Erickson
|
0-0: Ball Lynn Ford is caught stealing 2nd base
|
Top of the 4th over - 0 run(s), 1 hit(s), 0 error(s), 0 left on base; Manhatten 0 - Columbia 1 |
BOTTOM OF THE 4TH |
Columbia 08s batting - Pitching for Manhatten Meatheads : LHP Kelly Henry
|
Batting: SHB Roberto Rivera
|
0-0: Ball 1-0: Fly out, F8 (Flyball, 8RS)
|
Batting: RHB Felipe Rodríguez
|
0-0: Ball 1-0: Swinging Strike 1-1: Swinging Strike 1-2: Strikes out swinging
|
Batting: LHB Brock Larsen
|
0-0: Called Strike 0-1: Called Strike 0-2: Foul Ball, location: 2F 0-2: Ball 1-2: Strikes out swinging
|
Bottom of the 4th over - 0 run(s), 0 hit(s), 0 error(s), 0 left on base; Manhatten 0 - Columbia 1 |
TOP OF THE 5TH |
Manhatten Meatheads batting - Pitching for Columbia 08s : RHP Curt Howard
|
Batting: RHB Jason Erickson
|
0-0: Called Strike 0-1: SINGLE (Groundball, 34D)
|
Batting: RHB Kyle O'Day
|
0-0: Called Strike 0-1: Fly out, F9 (Flyball, 9M)
|
Batting: RHB Mitch Thomas
|
0-0: Called Strike 0-1: 2-RUN HOME RUN (Flyball, 7D), Distance : 394 ft
|
Batting: LHB Ed Murray
|
0-0: Called Strike 0-1: Ball 1-1: Called Strike 1-2: Ball 2-2: Strikes out swinging
|
Batting: RHB Juan Reyes
|
0-0: Swinging Strike 0-1: Ball 1-1: Foul Ball, location: 2F 1-2: Ground out 6-3 (Groundball, 6M)
|
Top of the 5th over - 2 run(s), 2 hit(s), 0 error(s), 0 left on base; Manhatten 2 - Columbia 1 |
BOTTOM OF THE 5TH |
Columbia 08s batting - Pitching for Manhatten Meatheads : LHP Kelly Henry
|
Batting: RHB Ryosei Yamamoto
|
0-0: Ground out 5-3 (Groundball, 5)
|
Batting: RHB Vic Langlois
|
0-0: Called Strike 0-1: Ball 1-1: Ball 2-1: Foul Ball, location: 2F 2-2: Ball 3-2: SINGLE (Line Drive, 34D)
|
Batting: RHB Luis Maldonado
|
0-0: Ball Vic Langlois is caught stealing 2nd base 1-0: Fly out, F8 (Line Drive, 8LD)
|
Bottom of the 5th over - 0 run(s), 1 hit(s), 0 error(s), 0 left on base; Manhatten 2 - Columbia 1 |
TOP OF THE 6TH |
Manhatten Meatheads batting - Pitching for Columbia 08s : RHP Curt Howard
|
Batting: SHB Vitaliano Capuana
|
0-0: Called Strike 0-1: Called Strike 0-2: Foul Ball, location: 2F 0-2: Strikes out swinging
|
Batting: LHB António Cedeño
|
0-0: Ball 1-0: Swinging Strike 1-1: Ball 2-1: Ball 3-1: Base on Balls
|
Batting: RHB Lynn Ford
|
0-0: Ball 1-0: Ball 2-0: Swinging Strike 2-1: Called Strike 2-2: Ground out 4-3 (Groundball, 13) António Cedeño to second
|
Pitching: RHP Carlos Trujillo
|
|
Batting: LHB Dave Watt
|
0-0: Ball 1-0: Foul Ball, location: 2F 1-1: Ball 2-1: Called Strike 2-2: Strikes out swinging
|
Top of the 6th over - 0 run(s), 0 hit(s), 0 error(s), 1 left on base; Manhatten 2 - Columbia 1 |
BOTTOM OF THE 6TH |
Columbia 08s batting - Pitching for Manhatten Meatheads : LHP Kelly Henry
|
Batting: RHB Ichizo Akiyama
|
0-0: Called Strike 0-1: Ball 1-1: SINGLE (Groundball, 56D)
|
Batting: RHB Alfredo Hernández
|
0-0: Ball Ichizo Akiyama is caught stealing 2nd base 1-0: Ball 2-0: Foul Ball, location: 2F 2-1: Foul Ball, location: 2F 2-2: Strikes out swinging
|
Batting: RHB Barton Frazier
|
0-0: Ball 1-0: Ball 2-0: Ball 3-0: Called Strike 3-1: Swinging Strike 3-2: Strikes out swinging
|
Bottom of the 6th over - 0 run(s), 1 hit(s), 0 error(s), 0 left on base; Manhatten 2 - Columbia 1 |
TOP OF THE 7TH |
Manhatten Meatheads batting - Pitching for Columbia 08s : RHP Carlos Trujillo
|
Batting: RHB Jason Erickson
|
0-0: Ball 1-0: Called Strike 1-1: Ball 2-1: Called Strike 2-2: Foul Ball, location: 2F 2-2: Strikes out swinging
|
Batting: RHB Kyle O'Day
|
0-0: Called Strike 0-1: Ball 1-1: Called Strike 1-2: Ball 2-2: Strikes out looking
|
Batting: RHB Mitch Thomas
|
0-0: Ball 1-0: Ball 2-0: Ball 3-0: Called Strike 3-1: Foul Ball, location: 2F 3-2: Foul Ball, location: 2F 3-2: Foul Ball, location: 2F 3-2: Base on Balls
|
Batting: LHB Ed Murray
|
0-0: Called Strike Mitch Thomas steals 2nd base 0-1: Called Strike 0-2: Ground out 4-3 (Groundball, 34)
|
Top of the 7th over - 0 run(s), 0 hit(s), 0 error(s), 1 left on base; Manhatten 2 - Columbia 1 |
BOTTOM OF THE 7TH |
Columbia 08s batting - Pitching for Manhatten Meatheads : LHP Kelly Henry
|
Batting: SHB Roberto Rivera
|
0-0: Ball 1-0: Ball 2-0: Called Strike 2-1: Ball 3-1: Base on Balls
|
Pitching: RHP Mario Tovar
|
|
Batting: RHB Felipe Rodríguez
|
0-0: Ball 1-0: Called Strike 1-1: Bunted foul 1-2: Ball 2-2: Fly out, F6 (Line Drive, 6)
|
Batting: LHB Brock Larsen
|
0-0: Ball 1-0: Fly out, F5 (Popup, 5F)
|
Batting: RHB Ryosei Yamamoto
|
0-0: Ball 1-0: Swinging Strike 1-1: Fly out, F8 (Flyball, 8LM)
|
Bottom of the 7th over - 0 run(s), 0 hit(s), 0 error(s), 1 left on base; Manhatten 2 - Columbia 1 |
TOP OF THE 8TH |
Manhatten Meatheads batting - Pitching for Columbia 08s : RHP Carlos Trujillo
|
Batting: RHB Juan Reyes
|
0-0: Called Strike 0-1: Swinging Strike 0-2: Strikes out swinging
|
Batting: SHB Vitaliano Capuana
|
0-0: Swinging Strike 0-1: SINGLE (Groundball, 5L)
|
Batting: LHB António Cedeño
|
0-0: Ball 1-0: Fly out, F8 (Flyball, 8RM)
|
Pinch Hitting: RHB Ben Morton
|
0-0: Swinging Strike 0-1: Ball 1-1: Ground out 1-3 (Groundball, 13S)
|
Top of the 8th over - 0 run(s), 1 hit(s), 0 error(s), 1 left on base; Manhatten 2 - Columbia 1 |
BOTTOM OF THE 8TH |
Columbia 08s batting - Pitching for Manhatten Meatheads : RHP Mario Tovar
|
Pitching: RHP José Huerta
|
|
Now at 1B: Magali Foulerton
|
|
Now at 3B: Iván Moreno
|
|
Batting: RHB Vic Langlois
|
0-0: Called Strike 0-1: Ball 1-1: Foul Ball, location: 2F 1-2: Ball 2-2: Ball 3-2: Strikes out looking
|
Batting: RHB Luis Maldonado
|
0-0: Foul Ball, location: 2F 0-1: Foul Ball, location: 2F 0-2: Ball 1-2: Ball 2-2: Foul Ball, location: 2F 2-2: Ball 3-2: Strikes out swinging
|
Batting: RHB Ichizo Akiyama
|
0-0: Foul Ball, location: 2F 0-1: Ground out 5-3 (Groundball, 5L)
|
Bottom of the 8th over - 0 run(s), 0 hit(s), 0 error(s), 0 left on base; Manhatten 2 - Columbia 1 |
TOP OF THE 9TH |
Manhatten Meatheads batting - Pitching for Columbia 08s : RHP Carlos Trujillo
|
Batting: LHB Dave Watt
|
0-0: Ball 1-0: Swinging Strike 1-1: Called Strike 1-2: Foul Ball, location: 2F 1-2: Strikes out swinging
|
Batting: RHB Jason Erickson
|
0-0: Fly out, F8 (Flyball, 8RM)
|
Batting: RHB Kyle O'Day
|
0-0: Called Strike 0-1: Ball 1-1: Swinging Strike 1-2: Strikes out looking
|
Top of the 9th over - 0 run(s), 0 hit(s), 0 error(s), 0 left on base; Manhatten 2 - Columbia 1 |
BOTTOM OF THE 9TH |
Columbia 08s batting - Pitching for Manhatten Meatheads : RHP José Huerta
|
Pitching: RHP Jimmy Bradley
|
|
Now in CF: Mark McDonald
|
|
Batting: RHB Alfredo Hernández
|
0-0: Foul Ball, location: 2F 0-1: Ball 1-1: Fly out, F9 (Flyball, 89S)
|
Batting: RHB Barton Frazier
|
0-0: Ball 1-0: Ball 2-0: Called Strike 2-1: Foul Ball, location: 2F 2-2: Ground out 1-3 (Groundball, 15S)
|
Batting: SHB Roberto Rivera
|
0-0: Foul Ball, location: 2F 0-1: SINGLE (Line Drive, 89S)
|
Pinch Runner at 1st Luis Flores:
|
|
Batting: RHB Felipe Rodríguez
|
0-0: Ground out 5-3 (Groundball, 5L)
|
Bottom of the 9th over - 0 run(s), 1 hit(s), 0 error(s), 1 left on base; Manhatten 2 - Columbia 1 |
|